Cogmind - Beta 13 @@@ ROGUE MODE // 2024.07.26 @ 23:59:26 Player: Nell Result: Destroyed by as-64643 with Assembled Rifle Performance ------------- Evolutions (0) 0 Regions Visited (2) 400 Robots Destroyed (11) 55 Value Destroyed (109) 109 Prototype IDs (0) 0 Alien Tech Used (0) 0 Bonus (0) 0 TOTAL SCORE: 564 Bonus ------- None Cogmind --------- Core Integrity 0/250 Matter 7/300 Energy 99/100 System Corruption 0% Temperature Cool (0) Movement Core (150) Ox2 Location -10/Mines Parts ------- > --- POWER (1) -------- (None) > --- PROPULSION (2) --- (None) > --- UTILITY (2) ------ (None) > --- WEAPON (2) ------- Slug Cannon > --- INVENTORY (5) ---- Ion Engine Wheel EM Pulse Gun Light Assault Rifle Peak State ------------ > --- POWER ------------ Ion Engine > --- PROPULSION ------- Wheel Compact Wheel > --- UTILITY ---------- Small Storage Unit Improved Terrain Scanner > --- WEAPON ----------- Assault Rifle Light Assault Rifle > --- INVENTORY -------- Light Ion Engine EM Pulse Gun [Rating: 9] Favorites ----------- Power Ion Engine Engine Ion Engine Propulsion Flight Unit Wheel Compact Wheel Flight Unit Flight Unit Utility Small Storage Unit Device Improved Terrain Scanner Storage Small Storage Unit Weapon Grenade Launcher Energy Gun EM Pulse Gun Ballistic Gun Light Assault Rifle Ballistic Cannon Slug Cannon Launcher Grenade Launcher Build | -11 -10 -10 ------- Run | Yrd Mat Min Slots Evolved . | . . . Power . | . . . Propulsion . | . . . Utility . | . . . Weapon . | . . . Parts Attached 19 | 8 5 6 Power 2 | 1 . 1 Engine 2 | 1 . 1 Core . | . . . Reactor . | . . . Propulsion 5 | 2 2 1 Treads . | . . . Leg . | . . . Wheel 2 | 2 . . Hover . | . . . Flight 3 | . 2 1 Utility 2 | 2 . . Device 1 | 1 . . Storage 1 | 1 . . Processor . | . . . Hackware . | . . . Protection . | . . . Artifact . | . . . Weapon 10 | 3 3 4 Energy Gun 1 | 1 . . Energy Cannon . | . . . Ballistic Gun 4 | 2 1 1 Ballistic Cannon 2 | . . 2 Launcher 3 | . 2 1 Special Weapon . | . . . Impact Weapon . | . . . Slashing Weapon . | . . . Piercing Weapon . | . . . Special Melee Weapon . | . . . Unidentified Prototypes . | . . . Parts Lost 4 | . . 4 Power 1 | . . 1 Propulsion 2 | . . 2 Utility . | . . . Weapon 1 | . . 1 Highest Loss Streak 4 | . . 4 To Critical Strikes . | . . . Average Slot Usage (%) 69 | . 91 52 Engine 12 | . 14 10 Wheel 8 | . 19 . Flight 17 | . 8 24 Device 4 | . 11 . Storage 4 | . 11 . Ballistic Gun 10 | . 21 2 Ballistic Cannon 1 | . . 2 Launcher 8 | . 4 11 Naked Turns . | . . . Heaviest Build 14 | 14 14 8 Greatest Support 26 | 26 26 8 Greatest Overweight (x) 2 | . . 2 Average Overweight (x) . | . . . Largest Inventory Capacity 8 | 8 8 5 Average Capacity 6 | 7 7 5 Most Carried 5 | 2 5 5 Average Carried 3 | 1 3 4 Final Capacity 8 | 8 5 5 Final Carried 4 | 2 4 4 Class Distribution -------------------- 100% | Mutant Dominant Class ---------------- Mutant | -10/Materials Mutant | -10/Mines Resources | -11 -10 -10 ----------- Run | Yrd Mat Min Matter Collected 302 | 227 46 29 Remotely . | . . . Salvage Created 87 | 10 56 21 Parts 22 | 3 11 8 Haulers Intercepted 1 | . 1 . Recyclers Shooed . | . . . Parts Field Recycled . | . . . Retrieved Matter . | . . . Parts Self-Destructed . | . . . Prevented . | . . . Kills | -11 -10 -10 ------- Run | Yrd Mat Min Combat Hostiles Destroyed 14 | . 3 11 Guns 1 | . 1 . Cannons 2 | . . 2 AOE 11 | . 2 9 Classes Destroyed 4 | 1 2 1 Tunneler 1 | 1 . . Hauler 1 | . 1 . Swarmer 9 | . 3 6 Assembled 5 | . . 5 Best Kill Streak 5 | 1 2 5 Combat Bots Only 5 | . 2 5 Max Kills in Single Turn 3 | 1 1 3 Gunslinging . | . . . Exploded 3 | . 1 3 Melee . | . . . Uniques/NPCs Destroyed . | . . . Combat | -11 -10 -10 -------- Run | Yrd Mat Min Hostile Shots Fired 70 | . 16 54 Missed 25 | . 7 18 Damage Taken 696 | . 67 629 Core 260 | . 20 240 Absorbed by Shields . | . . . Core Remaining (%) 100 | 100 . . Volleys Fired 31 | 5 9 17 Largest 2 | 2 2 2 Hottest 50 | 40 50 50 Shots Fired 47 | 10 17 20 Gun 27 | 10 14 3 Cannon 7 | . . 7 Launcher 13 | . 3 10 Special . | . . . Kinetic 34 | 10 14 10 Thermal . | . . . Explosive 13 | . 3 10 Electromagnetic . | . . . Robot Hit Streak 7 | 7 4 5 Robot Miss Streak 3 | 1 3 3 Penetration Max . | . . . Secondary Targets . | . . . Shots Hit Robots 30 | 8 9 13 Core Hits 24 | 1 4 19 Critical Kills 2 | . . 2 Critical Parts Destroyed 3 | 1 . 2 Critical Strikes 5 | 1 . 4 Destroy 5 | 1 . 4 Melee Attacks . | . . . Impact . | . . . Slashing . | . . . Piercing . | . . . Sneak Attacks . | . . . Combat Hostiles . | . . . Follow-up Attacks . | . . . Damage Inflicted 1049 | 92 165 792 Guns 172 | 92 80 . Cannons 161 | . . 161 Explosions 716 | . 85 631 Melee . | . . . Ramming . | . . . Kinetic 333 | 92 80 161 Thermal . | . . . Explosive 716 | . 85 631 Electromagnetic . | . . . Impact . | . . . Slashing . | . . . Piercing . | . . . Highest Corruption . | . . . Average Corruption . | . . . Corruption Purged . | . . . Corruption Blocked . | . . . Overload Shots . | . . . Overflow Damage 9 | . . 9 Projectiles 9 | . . 9 Explosions . | . . . Melee . | . . . Knockbacks 3 | . . 3 Impact . | . . . Kinetic 3 | . . 3 Secondary . | . . . Self-Inflicted Damage 121 | . . 121 Shots 7 | . . 7 Rammed . | . . . Targets Rammed . | . . . Kicked . | . . . Crushed . | . . . Highest Temperature 18 | . . 18 Average Temperature 6 | . . 6 Received Heat Transfer . | . . . Siege Activations . | . . . Robots Corrupted . | . . . Combat Hostiles . | . . . Parts Fried . | . . . Impact Corruptions . | . . . Robots Melted . | . . . Combat Hostiles . | . . . Parts Melted . | . . . Heat Transferred . | . . . Parts Sabotaged . | . . . Parts Stolen . | . . . Parts Stripped . | . . . Power Chain Reactions . | . . . Alert | -11 -10 -10 ------- Run | Yrd Mat Min Peak Influence 276 | 5 134 276 Initial 52 | . 3 52 Average 110 | . 74 190 Maximum Alert Level 1 | . . 1 Low Security (%) 79 | 100 100 54 Level 1 20 | . . 45 Level 2 . | . . . Level 3 . | . . . Level 4 . | . . . Level 5 . | . . . High Security . | . . . Max Security . | . . . Squads Dispatched . | . . . Investigation . | . . . Extermination . | . . . Reinforcement . | . . . Assault . | . . . Garrison . | . . . Intercept . | . . . Searches Triggered . | . . . Construction Impeded . | . . . Haulers Reinforced . | . . . Active Scanning Responses . | . . . Cargo Convoy Interrupts . | . . . Stealth | -11 -10 -10 --------- Run | Yrd Mat Min Distress Signals 1 | . 1 . Communications Jammed . | . . . Distress Signals . | . . . Times Spotted 21 | . 5 16 Peak Tracking Total 9 | . 4 9 Tactical Retreats 1 | . 1 . Traps | -11 -10 -10 ------- Run | Yrd Mat Min Traps Triggered . | . . . Indirectly . | . . . Trap Hack Attempts . | . . . Triggered . | . . . Disarmed . | . . . Reprogrammed . | . . . Reused . | . . . Traps Extracted . | . . . Installed . | . . . Triggered . | . . . Machines | -11 -10 -10 ---------- Run | Yrd Mat Min Machines Disabled 1 | . 1 . Max in Single Turn 1 | . 1 . Machines Repaired . | . . . Machines Dismantled . | . . . Machines Sabotaged . | . . . Overloaded Fab Kills . | . . . Hacking | -11 -10 -10 --------- Run | Yrd Mat Min Machines Accessed 1 | . 1 . Terminals 1 | . 1 . Fabricators . | . . . Repair Stations . | . . . Recycling Units . | . . . Scanalyzers . | . . . Garrison Access . | . . . Total Hacks 2 | . 2 . Successful 1 | . 1 . Failed 1 | . 1 . Catastrophic . | . . . Database Lockouts . | . . . Manual . | . . . Terminals 2 | . 2 . Fabricators . | . . . Repair Stations . | . . . Recycling Units . | . . . Scanalyzers . | . . . Garrison Access . | . . . Terminal Hacks 1 | . 1 . Emergency Access Points 1 | . 1 . Fabricator Hacks . | . . . Repair Station Hacks . | . . . Recycling Unit Hacks . | . . . Scanalyzer . | . . . Garrison Access Hacks . | . . . Unauthorized Hacks . | . . . Terminals . | . . . Fabricators . | . . . Repair Stations . | . . . Recycling Units . | . . . Scanalyzers . | . . . Garrison Access . | . . . Data Cores Recovered . | . . . Used . | . . . Hacking Detections 1 | . 1 . Full Trace Events . | . . . Feedback Events . | . . . Feedback Blocked . | . . . Robot Schematics Acquired . | . . . Robots Built . | . . . Authchips . | . . . Time . | . . . Total Robot Build Rating . | . . . Part Schematics Acquired . | . . . Parts Built . | . . . Authchips . | . . . Time . | . . . Total Part Build Rating . | . . . Parts Repaired . | . . . Time . | . . . Parts Recycled . | . . . Recycled Matter . | . . . Retrieved Matter . | . . . Retrieved Components . | . . . Parts Scanalyzed . | . . . Part Schematics Acquired . | . . . Parts Damaged . | . . . Bothacking | -11 -10 -10 ------------ Run | Yrd Mat Min Used RIF Installer . | . . . Robots Hacked . | . . . Non-combat . | . . . Combat . | . . . Robot Hacks Applied . | . . . Relay Couplers Released . | . . . Fabnet Peak Effective % . | . . . Robots Rewired . | . . . Allies Hacked . | . . . Hacks Repelled . | . . . Allies | -11 -10 -10 -------- Run | Yrd Mat Min Total Allies 1 | . . 1 Largest Group 1 | . . 1 Highest-Rated Group 31 | . . 31 Highest-Rated Ally 31 | . . 31 Total Orders . | . . . Ally Attacks 4 | . . 4 Total Damage 41 | . . 41 Kills . | . . . Allies Corrupted . | . . . Allies Melted . | . . . Intel | -11 -10 -10 ------- Run | Yrd Mat Min Robot Analysis Total . | . . . Derelict Logs Recovered . | . . . Drone Launches . | . . . Drone Recoveries . | . . . Exploration | -11 -10 -10 ------------- Run | Yrd Mat Min Turns Passed 292 | 65 96 131 Spaces Moved 349 | 41 94 214 Core 6 | 1 . 5 Treads . | . . . Legs . | . . . Wheels 86 | 40 46 . Hover . | . . . Flight 257 | . 48 209 Fastest Speed 37 | 50 37 37 Average Speed 52 | 91 62 39 Slowest Speed 150 | 100 90 150 Overloaded Moves . | . . . Propulsion Burnouts . | . . . Robots Hopped 2 | . 1 1 Cave-ins Triggered . | . . . Exploration Rate (%) 25 | 3 28 46 Regions Visited 2 Branch Regions 1 Pre-discovered Areas 1 | . . 1 Known Exits Taken . | . . . Unknown Exits Taken 2 | 1 1 . Scrap Searched . | . . . Spaces Dug . | . . . Terrain Destroyed 100 | . 19 81 Melee . | . . . Projectile . | . . . AOE 100 | . 19 81 Terrain Rammed . | . . . Walls Destroyed . | . . . Machines Disabled . | . . . Actions | -11 -10 -10 --------- Run | Yrd Mat Min Total 408 | 55 113 240 Wait . | . . . Move 343 | 40 91 212 Hop 2 | . 1 1 Pick Up 5 | 2 3 . Fast Attach 9 | 7 . 2 Attach 2 | . 1 1 Detach 2 | . . 2 Swap 8 | 1 4 3 Drop 6 | . 4 2 Fire 31 | 5 9 17 Melee . | . . . Ram . | . . . Kick . | . . . Crush . | . . . Escape Stasis . | . . . Rewire . | . . . Trap . | . . . Miscellaneous . | . . . Route ------- -11/Scrapyard -10/Materials -10/Mines History --------- Turn | Location | Event 12 | -11/Scrapyard | Discovered new exit (range 16) 66 | -11/Scrapyard | Entered Materials 146 | -10/Materials | Discovered new exit (range 12) 162 | -10/Materials | Entered Mines 194 | -10/Mines | A weapon hastily lodged in a ceiling crevice suddenly fell to the ground 236 | -10/Mines | Escorted by a lone wolf Derelict 240 | -10/Mines | Assembled infested the area 259 | -10/Mines | Learned location of Storage (-8) 272 | -10/Mines | Core integrity fell below 50% 283 | -10/Mines | Core integrity fell below 20% 293 | -10/Mines | Destroyed by as-64643 with Assembled Rifle Last Messages --------------- Knocked back. Destroyed Asb. Hover Unit. as-69420 destroyed. Lgt. Ion Engine destroyed. Grenade Launcher destroyed. as-32425 suffers critical hit (Destroy). as-32425 destroyed. as-98607 suffers critical hit (Destroy). Destroyed Asb. Hover Unit. as-98607 knocked back. Flight Unit destroyed. as-04434 suffers critical hit (Destroy). Destroyed Asb. Blade. as-04434 knocked back. Acquired 8 matter. as-20252 destroyed. as-98607 suffers critical hit (Destroy). as-98607 destroyed. Acquired 5 matter. Acquired 3 matter. Map ----- +----------------------------------------------------+ | | | | | | | | | | | | | | | | | | | | | | | | | | | ?????????????????????????????????????????????????? | | ?????????????????????????????????????????????????? | | ?????????????????????????????????????????????????? | | ?????????????????????????????????????????????????? | | ?????????????????????????????????????????????????? | | ?????????????????????????????????????????????????? | | ?????????????????????????????????????????????????? | | ????????????????????####??#####??????????????????? | | ????########?###???## ### # #?????####?????????? | | ????# ? #??## ###???# ##????????? | | ????# """ """ #?## ! % #### ##???????? | | ????# """ """ #?# * % # ??????? | | ????# """ """ ## a @ ???????? | | ????# # # a #??????????? | | ????# """ """ # ## # ###??????????? | | ????# """ """ ## #?## % #??#????????????? | | ##### """ """ #####???## a #??#????????????? | | # #????????## # ##???????????? | | # ##############?????????## % # #???????????? | | # #???????????????????????? ! # #???????????? | | # ############?????????????##%* a #???????????? | | #???????????#=## #??????????? | | ##### ########??????????????#=#? ?????? | | #???# #?????????????????????#%#?? ????? | | ##### #?????????????????????#*#???#?# ????? | | ## #?????????????????????# #??????? ?????? | | ## ########??????????????# #????????? ?????? | | # ## #??????????????# #?????????? ???????? | | # ######### #??????????# ### ###????????????????? | | # #???????# #??????????# #?????##?????????? | | # #???????# #??????????####### #???? ##????????? | | # #???????# #????????????????# #??? ##???????? | | #???????# #???####?????????# #?? ##??????? | | ##??????# #??## ##???###### ## #??????? | | ##????## #### ##??# # #??????? | | ###### #### #???????? | | ## ## ## #####???????? | +----------------------------------------------------+ Best States ------------- Heat Dissipation 25 Energy Generation 10 Energy Capacity 250 Matter Stores 239 Matter Capacity 300 Sight Range 16 Terrain Scan Range 16 Terrain Scan Density 10 Evasion (%) 62 Item Schematics ----------------- None Robot Schematics ------------------ None Fabricated ------------ Nothing Alien Tech Used ----------------- None Achievements -------------- None Challenges ------------ None Game ------ Seed EtherialTiamatScanner Manual? 0 Play Time 00:07:56 Cumulative 7.7 hours Start 2024.07.26 @ 23:52:04 End 2024.07.26 @ 23:59:26 Sessions 1 Manual Loads 0 Difficulty Rogue Special Mode None Game No. 11 Rogue 11 Adventurer 0 Explorer 0 Win Type - Total 0 Types 0/0/0/0/0/0/0/0/0 Lore% 15 Gallery% 16 Achievement% 14 Wizard Run 0 Options --------- Layout 0 ASCII 0 Keyboard 0 Movement Arrows Keybinds 0 Fullscreen 2 Font 24/Smallcaps Map View 76x50 Zoom Use 0% Tactical HUD 0 Map Filters NONE Filters NONE Steam 1 RUN: b962fbb4-43d6-4e4e-89bc-7aa3e8b8229d